 Dungeon Crawl Stone Soup version 0.30.1-11-g7821555f0a (webtiles) character file.

Game seed: 16139645146516457960

21879 groovy9 the Severer (level 12, -6/116 HPs)
             Began as a Hill Orc Fighter on Jan 11, 2024.
             Was a High Priest of Makhleb.
             Mangled by an orc warrior
             ... wielding a +0 glaive
              (14 damage)
             ... on level 2 of the Orcish Mines.
             The game lasted 00:37:11 (11491 turns).

groovy9 the Severer (Hill Orc Fighter)             Turns: 11491, Time: 00:37:13

Health: -6/116     AC: 16    Str: 24    XL:     12   Next: 94%
Magic:  0/12       EV:  9    Int:  8    God:    Makhleb [*****.]
Gold:   900        SH:  0    Dex: 14    Spells: 11/11 levels left

rFire   . . .        F - +3 battleaxe (heavy)
rCold   . . .        (shield currently unavailable)
rNeg    + . .        L - +1 chain mail {rF+}
rPois   +            y - +0 helmet
rElec   .            (no cloak)
rCorr   .            s - +1 pair of gloves of the Hidden Vale {Dex+4}
SInv    .            (no boots)
Will    +....        f - amulet of Spring {Spirit +Inv rPois rF- rN+} Stlth
                     i - +4 ring of slaying
HPRegen 0.39/turn    p - ring of willpower
MPRegen 0.13/turn

%: guardian spirit
@: on berserk cooldown, hasted and slowed
A: no striking features
a: Renounce Religion, Evoke Invisibility, Minor Destruction, Lesser Servant of
Makhleb, Major Destruction, Greater Servant of Makhleb


You were on level 2 of the Orcish Mines.
You worshipped Makhleb.
Makhleb was extremely pleased with you.
You visited 3 branches of the dungeon, and saw 15 of its levels.
You also visited: Sewer.

You collected 1198 gold pieces.
You spent 298 gold pieces at shops.

Inventory:

Hand Weapons
 F - a +3 heavy battleaxe (weapon)
 G - a +6 battleaxe of venom
 J - a +0 hand axe of flaming
Armour
 s - the +1 pair of gloves of the Hidden Vale (worn) {Dex+4}
   (You found it on level 3 of the Dungeon)

   Dex:       It affects your dexterity (+4).
 y - a +0 helmet (worn)
 L - a +1 chain mail of fire resistance (worn)
Jewellery
 f - the amulet of Spring (around neck) {Spirit +Inv rPois rF- rN+}
   (You acquired it on level 5 of the Dungeon)

   [amulet of guardian spirit]

   It causes incoming damage to be divided between your reserves of health and
   magic.
   rF:        It makes you vulnerable to fire.
   rPois:     It protects you from poison.
   rN:        It protects you from negative energy.
   +Inv:      It lets you turn invisible.
 i - a +4 ring of slaying (left hand)
 p - a ring of willpower (right hand)
 K - a ring of magical power
Wands
 n - a wand of charming (3)
 q - a wand of polymorph (4)
 t - a wand of flame (36)
 x - a wand of quicksilver (23)
 D - a wand of roots (12)
Scrolls
 a - a scroll of teleportation
 b - 2 scrolls of amnesia
 d - a scroll of fear
 j - 2 scrolls of immolation
 r - 2 scrolls of poison
 v - 6 scrolls of fog
 I - 2 scrolls of enchant armour
Potions
 c - a potion of ambrosia
 e - 2 potions of attraction
 g - 8 potions of curing
 k - a potion of degeneration
 m - 3 potions of lignification
 w - 2 potions of invisibility
 z - 2 potions of brilliance
 A - a potion of magic
 B - a potion of flight
 C - a potion of resistance
 E - a potion of might


   Skills:
 + Level 13.8 Fighting
 - Level 20.0 Axes
 + Level 10.2 Armour
 - Level 3.2 Shields


You had 11 spell levels left.
You didn't know any spells.
Your spell library contained the following spells:

 Spells                   Type           Power      Damage    Failure   Level
 Sandblast                Erth           0%         2d4       88%         1


Dungeon Overview and Level Annotations

Branches:
Dungeon (12/15)            Temple (1/1) D:6            Lair (0/5) D:10
    Orc (2/2) D:9             Elf (0/3) Orc:2         Sewer (visited)

Altars:
Ashenzari
Cheibriados
Dithmenos
Elyvilon
Fedhas
Gozag
Kikubaaqudgha
Makhleb
Nemelex Xobeh
Okawaru
Qazlal
Ru
Sif Muna
Uskayaw
Vehumet
Wu Jian
Xom
Yredelemnul
Zin
The Shining One
Beogh

Shops:
Orc:1 ?


Message History

The orc wizard gestures wildly while chanting.
The orc wizard flickers and vanishes!
Deactivating autopickup; reactivate with Ctrl-A.
The orc warrior throws a silver boomerang.
The silver boomerang barely misses you.
An orc warrior comes into view. It is wielding a +0 hand axe.
The orc warrior hits you but does no damage.
An orc knight comes into view.
It is wielding a +1 great sword of holy wrath.
The orc warrior hits you with a +0 short sword!
You carve the orc warrior like a ham!!!
You kill the orc warrior!
Makhleb accepts your kill.
The orc warrior hits you from afar with a +0 glaive.
The orc knight roars a battlecry!
The orc warriors go into a battle-frenzy!
You hear a shout!
Found a roughly hewn altar of Beogh.
The orc warrior closely misses you.
An orc sorcerer comes into view. It is wielding a +0 dagger.
Something hits you but does no damage.
An orc wizard comes into view. It is wielding a +0 dagger.
The orc warrior hits you with a +0 glaive!
The orc sorcerer moves out of view.
You are too injured to fight recklessly!
You are too injured to fight recklessly!
Unknown command.
You are too injured to fight recklessly!
You barely miss the orc warrior. You slash something! You hit the orc warrior.
The orc warrior hits you with a +0 glaive!!
* * * LOW HITPOINT WARNING * * *
The orc wizard casts a spell at you. The puff of flame hits you!
* * * LOW HITPOINT WARNING * * *
You feel yourself speed up.
The orc warrior hits you with a +0 glaive.
* * * LOW HITPOINT WARNING * * *
The orc knight closely misses you. Something hits you but does no damage.
The orc warrior hits you with a +0 hand axe!
* * * LOW HITPOINT WARNING * * *
The orc warrior hits you with a +0 glaive!
You die...

# ####))).....#
###.#..)#.#...# ..
........### # ...
..#.#....# #...
....###..## .....
....# #...#
######..... #####
##.#####..8.......
..#
#...#.##..{o......
.##
##...).)..@....o._
##
#....))..oo......
#
##.##.).)8.......
##
#####.#####.....
.# ....# ..... ##
....## #... #####
##...# ... .#..##
##..# .. .....#
...#


You could see an orc knight, 2 orc warriors and an orc wizard (strong).

Vanquished Creatures
  An orc warlord (Orc:2)
  Fannar (D:12)
  A hydra (D:10)
  3 two-headed ogres
  The ghost of leoleoleoleo212121 the Impaler, a journeyman HuBe of Trog (D:10)
  2 boulder beetles
  A catoblepas (D:12)
  A death knight (D:9)
  An orc high priest (Orc:2)
  An orc knight (Orc:2)
  2 orc sorcerers (Orc:2)
  A rime drake (D:10)
  2 spectral unseen horrors (D:9)
  8 trolls
  3 hornets
  Grinder (D:4)
  5 slime creatures (D:12)
  Prince Ribbit (D:7)
  4 shadows
  A vampire (D:12)
  3 wyverns (D:10)
  3 wraiths
  Eustachio (D:4)
  A basilisk (D:11)
  A steam dragon (D:9)
  2 wargs (Orc:2)
  2 two-headed ogre zombies (D:9)
  2 acid dragons
  19 orc warriors
  3 black bears
  7 ice beasts
  4 centaurs
  A sky beast (D:7)
  A wolf (D:10)
  5 ogres
  A phantom (D:9)
  3 kobold brigands
  3 bullfrogs
  2 gnoll sergeants
  10 wights
  3 killer bees (D:7)
  2 troll zombies (D:9)
  2 howler monkeys
  4 hounds
  6 orc priests
  17 orc wizards
  4 iguanas
  Ijyb (D:3)
  4 ogre zombies (D:9)
  A killer bee simulacrum (D:9)
  Robin (D:4)
  2 river rats (Sewer)
  14 gnolls
  5 adders
  3 white imps
  A howler monkey simulacrum (D:9)
  2 ufetubi
  2 worms (D:4)
  2 dart slugs (D:3)
  50 orcs
  10 ball pythons
  3 bats
  4 endoplasms
  A giant cockroach (D:1)
  10 goblins
  6 hobgoblins
  3 jackals (D:5)
  37 kobolds
  7 frilled lizards
  A goblin skeleton (D:9)
  2 goblin zombies (D:9)
  A hobgoblin skeleton (D:9)
  5 hobgoblin zombies (D:9)
  3 orc skeletons (D:9)
  13 orc zombies (D:9)
  25 rats
372 creatures vanquished.

Vanquished Creatures (others)
  An orc wizard (D:5)
1 creature vanquished.

Grand Total: 373 creatures vanquished

Notes
Turn   | Place    | Note
-------+----------+-------------------------------------------
     0 | D:1      | groovy9 the Hill Orc Fighter began the quest for the Orb.
     0 | D:1      | Reached XP level 1. HP: 19/19 MP: 1/1
   331 | D:1      | Reached skill level 3 in Axes
   339 | D:1      | Reached XP level 2. HP: 27/27 MP: 2/2
   502 | D:1      | Found a faded altar of an unknown god.
   512 | D:1      | Got Plato's Spellbook of Detritus
  1346 | D:2      | Reached XP level 3. HP: 33/33 MP: 3/3
  1749 | D:3      | Reached skill level 4 in Axes
  1785 | D:3      | Identified the +1 pair of gloves of the Hidden Vale {Dex+4}
  1901 | D:3      | Noticed Ijyb
  1907 | D:3      | Killed Ijyb
  1908 | D:3      | Reached skill level 5 in Axes
  1908 | D:3      | Reached XP level 4. HP: 37/40 MP: 4/4
  2250 | D:4      | Noticed Eustachio
  2259 | D:4      | Reached XP level 5. HP: 46/46 MP: 5/5
  2278 | D:4      | Killed Eustachio
  2279 | D:4      | Reached skill level 7 in Axes
  2279 | D:4      | Reached XP level 6. HP: 44/53 MP: 6/6
  2333 | D:4      | Found a glowing drain.
  2346 | Sewer    | Entered a sewer
  2860 | D:4      | Noticed Grinder
  2863 | D:4      | Paralysed by Grinder for 5 turns
  2892 | D:4      | Killed Grinder
  2893 | D:4      | Reached skill level 8 in Axes
  2893 | D:4      | Reached XP level 7. HP: 35/60 MP: 7/7
  3153 | D:4      | Noticed Robin
  3162 | D:4      | Killed Robin
  3163 | D:4      | Reached skill level 9 in Axes
  3550 | D:4      | Reached skill level 5 in Fighting
  3701 | D:5      | Entered Level 5 of the Dungeon
  3766 | D:5      | Reached skill level 10 in Axes
  3877 | D:5      | Identified a scroll of acquirement
  3877 | D:5      | Acquired the amulet of Spring {Spirit +Inv rPois rF- rN+}
  3979 | D:5      | Reached XP level 8. HP: 63/68 MP: 6/8
  4410 | D:5      | Identified the +2 ring mail "Qoshy" {Dex+3}
  4463 | D:5      | Found a sparkling altar of Nemelex Xobeh.
  4509 | D:6      | Reached skill level 11 in Axes
  4523 | D:6      | Found a staircase to the Ecumenical Temple.
  4579 | Temple   | Entered the Ecumenical Temple
  4624 | Temple   | Became a worshipper of Makhleb the Destroyer
  4661 | D:6      | Reached skill level 5 in Armour
  5054 | D:6      | Reached skill level 12 in Axes
  5202 | D:6      | Reached XP level 9. HP: 74/75 MP: 9/9
  5213 | D:6      | Reached * piety under Makhleb
  5419 | D:7      | Reached skill level 13 in Axes
  5581 | D:7      | Noticed Prince Ribbit
  5600 | D:7      | Killed Prince Ribbit
  5894 | D:7      | Reached skill level 14 in Axes
  5914 | D:7      | Found a glowing golden altar of the Shining One.
  5915 | D:7      | Found a blossoming altar of Fedhas.
  5917 | D:7      | Found an ancient bone altar of Kikubaaqudgha.
  5917 | D:7      | Found a snail-covered altar of Cheibriados.
  5919 | D:7      | Found an iron altar of Okawaru.
  5919 | D:7      | Found a glowing silver altar of Zin.
  5923 | D:7      | Found a broken altar of Ashenzari.
  5959 | D:7      | Found an ornate altar of the Wu Jian Council.
  5972 | D:7      | Found an opulent altar of Gozag.
  5972 | D:7      | Found a stormy altar of Qazlal.
  5972 | D:7      | Found a hide-covered altar of Uskayaw.
  5974 | D:7      | Found a shimmering blue altar of Sif Muna.
  6151 | D:8      | You fall into a shaft and drop 3 floors!
  6177 | D:11     | Noticed a troll
  6177 | D:11     | Noticed a boulder beetle
  6192 | D:11     | Killed a troll
  6193 | D:11     | Noticed a troll
  6208 | D:11     | Killed a troll
  6216 | D:11     | Killed a boulder beetle
  6217 | D:11     | Reached skill level 15 in Axes
  6217 | D:11     | Reached XP level 10. HP: 61/86 MP: 7/10
  6640 | D:11     | Noticed a two-headed ogre
  6648 | D:11     | Killed a two-headed ogre
  6649 | D:11     | Reached skill level 16 in Axes
  6929 | D:10     | Entered Level 10 of the Dungeon
  7265 | D:10     | Reached ** piety under Makhleb
  7345 | D:10     | Reached skill level 17 in Axes
  7428 | D:10     | Found a staircase to the Lair.
  7460 | D:10     | Reached XP level 11. HP: 93/95 MP: 11/11
  7530 | D:10     | Found a runed translucent gate.
  7531 | D:10     | Found a runed translucent gate.
  7532 | D:10     | Found a runed translucent gate.
  7532 | D:10     | Noticed a nine-headed hydra
  7532 | D:10     | Noticed leoleoleoleo212121's ghost (journeyman HuBe)
  7862 | D:10     | Killed a 13-headed hydra
  7863 | D:10     | Reached skill level 18 in Axes
  7871 | D:10     | Killed leoleoleoleo212121's ghost
  8642 | D:12     | Noticed a catoblepas
  8642 | D:12     | Noticed a two-headed ogre
  8651 | D:12     | Killed a catoblepas
  8657 | D:12     | Killed a two-headed ogre
  8790 | D:12     | Reached skill level 19 in Axes
  8908 | D:12     | Found a sparkling altar of Nemelex Xobeh.
  9019 | D:12     | Noticed a boulder beetle
  9033 | D:12     | Killed a boulder beetle
  9148 | D:12     | Noticed Fannar
  9159 | D:12     | Killed Fannar
  9585 | D:12     | Reached *** piety under Makhleb
  9586 | D:12     | Reached skill level 20 in Axes
  9818 | D:9      | Found a staircase to the Orcish Mines.
  9824 | D:9      | Reached XP level 12. HP: 92/106 MP: 10/12
  9839 | D:9      | Reached skill level 10 in Fighting
  9850 | D:9      | Reached **** piety under Makhleb
  9968 | D:9      | Noticed a death knight
  9977 | D:9      | Killed a death knight
 10163 | D:9      | Identified the +1 dagger of Jiun {pain, Str+2}
 10380 | D:9      | Noticed a two-headed ogre
 10384 | D:9      | Killed a two-headed ogre
 10741 | Orc:1    | Entered Level 1 of the Orcish Mines
 10786 | Orc:1    | Found Hyfiapheo's Magic Scroll Boutique.
 10825 | Orc:1    | Bought a scroll of identify for 26 gold pieces
 10825 | Orc:1    | Bought a scroll of enchant weapon for 97 gold pieces
 10825 | Orc:1    | Bought a scroll of identify for 26 gold pieces
 10825 | Orc:1    | Bought a scroll of enchant armour for 97 gold pieces
 10825 | Orc:1    | Bought a scroll of identify for 26 gold pieces
 10825 | Orc:1    | Bought a scroll of identify for 26 gold pieces
 11261 | Orc:2    | Entered Level 2 of the Orcish Mines
 11335 | Orc:2    | Found a staircase to the Elven Halls.
 11451 | Orc:2    | Noticed an orc high priest
 11455 | Orc:2    | Noticed an orc warlord
 11461 | Orc:2    | Killed an orc high priest
 11461 | Orc:2    | Reached ***** piety under Makhleb
 11469 | Orc:2    | Killed an orc warlord
 11470 | Orc:2    | Reached skill level 10 in Armour
 11489 | Orc:2    | Found a roughly hewn altar of Beogh.
 11491 | Orc:2    | Mangled by an orc warrior

Illustrated notes

Levels and vault maps discovered:
D:1:      roderic_crossed_star, layout_basic, serial_forest,
          infiniplex_forest_lined_ring, infiniplex_forest_lined_2,
          infiniplex_forest_clump_small, infiniplex_forest_corner_1,
          infiniplex_forest_lined_room_, infiniplex_forest_corner_2,
          infiniplex_forest_lined_room_3, infiniplex_forest_straight_2,
          shapermc_ecumenical_altar_rom_forum, minmay_misc_feat_enclosed,
          minmay_tromino_v2
D:2:      layout_basic, minmay_distorted
D:3:      layout_basic, uniq_ijyb
D:4:      cheibrodos_old_hovel, layout_basic, portal_sewer_entry_a,
          minmay_fountain_box, grunt_ministairs_7, minmay_misc_feat_rows,
          dreamdust_princess_bridge, uniq_grinder, uniq_robin, uniq_eustachio
D:5:      layout_loops_ring, lemuel_round_altar
D:6:      layout_rooms, minmay_temple_entry_statues_fountains
D:7:      layout_basic, grunt_temple_overflow_open, minitemple,
          uniq_prince_ribbit1
D:8:      layout_basic, enter_bailey_8, grunt_ministairs_14
D:9:      layout_roguey, zombieorc2_lemuel, dilly_guarded_unrand_morg
D:10:     layout_irregular_city, hellmonk_lair_entry_icy,
          gammafunk_ghost_hydra_chop
D:11:     layout_long_grid, nicolae_concentric_dashed_squares_wild,
          minmay_misc_feat_plants
D:12:     layout_roguey, nemelex_xobeh_ov_fountains_minmay, uniq_fannar
Temple:   compressed_dpeg_triangle_lava_temple
Orc:1:    layout_diamond_mine, serial_shops, nicolae_shop_crystal, basic_altar
Orc:2:    grunt_orc_cross, layout_diamond_mine

Skill      XL: |  1  2  3  4  5  6  7  8  9 10 11 12 |
---------------+-------------------------------------+-----
Axes           | 3 5 7 8 10 12 15 17 20 | 20.0
Fighting       | 4 5 6 7 8 9 13 | 13.8
Armour         | 4 5 6 7 8 10 | 10.2
Shields        | |  3.2

Action                     |  1- 3 |  4- 6 |  7- 9 | 10-12 || total
---------------------------+-------+-------+-------+-------++-------
  Melee: War axe           |    67 |    98 |   116 |       ||   281
         Battleaxe         |       |       |    98 |   344 ||   442
    Use: Scroll            |     2 |       |    16 |    13 ||    31
         Potion            |       |       |     1 |     2 ||     3
 Armour: Scale mail        |    35 |    43 |    90 |   128 ||   296
         Chain mail        |       |       |       |    16 ||    16
  Dodge: Dodged            |    26 |    38 |    80 |   154 ||   298
  Block: Buckler           |    15 |    15 |    28 |       ||    58
